[Event "*** SCC Grand Prix: Titled Tuesday Blitz"]
[Site "Chess.com"]
[Date "2020.07.14"]
[Round "5"]
[White "Angel_Hranitel_37"]
[Black "Fortitudine"]
[Result "0-1"]
[WhiteElo "2392"]
[BlackElo "2291"]
[TimeControl "180+1"]
[EndTime "10:56:46 PDT"]
[Termination "Fortitudine won by checkmate"]

1. d4 Nf6 2. Nf3 g6 3. g3 Bg7 4. Bg2 O-O 5. O-O c5 6. d5 d6 7. c4 b5 8. cxb5 a6 9. Nc3 axb5 10. Nxb5 Na6 11. a4 Nb4 12. Nc3 Ba6 13. Re1 Rb8 14. e4 Nd3 15. Re3 Nxc1 16. Qxc1 Bh6 17. e5 Ng4 18.
exd6 exd6 19. Nd1 Nxe3 20. Nxe3 Re8 21. Qc3 Bg7 22. Qe1 Rxb2 23. Rb1 Rxb1 24. Qxb1 Qb8 25. Qe1 Qb4 26. Qd1 Rb8 27. Bf1 Bxf1 28. Nxf1 Qb3 29. Qe2 Qxa4 30. Ng5 Qe8 31. Qc4 Rb4 32. Qa6 Qe7 33.
h4 h6 34. Nf3 Bf8 35. Ne3 Qe4 36. Nd2 Qd4 37. Ndc4 Rb1+ 38. Kg2 Qe4+ 39. f3 Qd3 40. g4 Qe2+ 41. Kg3 g5 42. hxg5 hxg5 43. f4 Rg1+ 44. Kh3 Qf3+ 45. Kh2 Qg3# 0-1

[Event "*** SCC Grand Prix: Titled Tuesday Blitz"]
[Site "Chess.com"]
[Date "2020.07.14"]
[Round "5"]
[White "Alexsur1981"]
[Black "IMHansNiemann"]
[Result "0-1"]
[WhiteElo "2533"]
[BlackElo "2857"]
[TimeControl "180+1"]
[EndTime "10:56:47 PDT"]
[Termination "IMHansNiemann won on time"]

1. e4 e6 2. d4 d5 3. Nd2 c5 4.
Ngf3 cxd4 5. exd5 Qxd5 6. Bc4 Qd7 7. Qe2 Nc6 8. Nb3 a6 9. Bf4 Bb4+ 10. Bd2 Bxd2+ 11. Qxd2 e5 12. O-O-O Nge7 13. Rhe1 f6 14. Nc5 Qd6 15. Ne4 Qc7 16. a3 Bf5 17. Ng3 Bg6 18.
Be6 Qd6 19. Bb3 O-O-O 20. Nh4 Kb8 21. Kb1 Rc8 22. Ne4 Bxe4 23. Rxe4 f5 24. Ree1 Rhd8 25.
f3 Qf6 26. g3 Nd5 27. Bxd5 Rxd5 28. Qd3 g6 29. Ng2 Na5 30. c3 Qb6 31. cxd4 Rxd4 32. Qe2 Nc4 33. Ka2 Rcd8 34. Rxd4 Rxd4 35. Ne3 Rd2 36. Nxc4 Rxe2 37. Rxe2 Qe6 38. b3 e4 39. fxe4 fxe4 40. a4 Qd5 41. Rd2 Qc5 42. a5 Kc7 43. Re2 Qd4 44. Rd2 Qg1 45. Re2 Qf1 46. Rc2 Kd7 47. Kb2 Ke6 48. Rd2 Qf3 49. Rd8 Ke7 50.
Rd5 Qf2+ 51. Rd2 Qe1 52. Rd5 Ke6 53. Re5+ Kf6 54. Kc2 Qf2+ 55. Kc3 Qxh2 56. Kd4 Qxg3 57. Rxe4 h5 58. Ne3 h4 59. Nd5+ Kg7 60. Re7+ Kh6 61. Nf6 Qd6+ 62. Nd5 h3 63. Re4 h2 64. Rh4+ Kg7 65.
Rh8 Kxh8 66. Ke4 h1=Q+ 67. Ke3 Qe5+ 0-1

[Event "*** SCC Grand Prix: Titled Tuesday Blitz"]
[Site "Chess.com"]
[Date "2020.07.14"]
[Round "5"]
[White "whodee11"]
[Black "esrosenberg"]
[Result "1-0"]
[WhiteElo "2400"]
[BlackElo "2212"]
[TimeControl "180+1"]
[EndTime "10:56:49 PDT"]
[Termination "whodee11 won by checkmate"]

1. e4 e5 2. Bc4 Nf6 3. d3 Nc6 4. Nc3 Bc5 5. f4 d6 6. f5 d5 7.
Nxd5 Nxd5 8. Bxd5 Bxg1 9. Rxg1 Qh4+ 10. Kf1 Qxh2 11. c3 Ne7 12. Bb3 g6 13. f6 Nc6 14.
Qf3 h5 15. Bg5 Bg4 16. Qe3 O-O-O 17. Bd5 Kb8 18. Kf2 h4 19. Rh1 Qg3+ 20. Qxg3 hxg3+ 21. Kxg3 Be6 22. Rxh8 Rxh8 23. Bxe6 fxe6 24. Rf1 Nd8 25. d4 Nf7 26. Be3 exd4 27. cxd4 Kc8 28. e5 Kd7 29. Rf4 Kc6 30. Rh4 Rg8 31. Rh7 Nd8 32. Rg7 Rf8 33. Rxg6 Kd5 34. Kf3 c5 35. Bh6 Rf7 36. Rg8 Nc6 37.
Rg7 Rf8 38. Rd7+ Kc4 39. Bxf8 Nxd4+ 40. Rxd4+ cxd4 41. f7 d3 42. Bh6 Kd5 43. f8=Q Kxe5 44. Qf4+ Kd5 45. Qe4+ Kc5 46. Qxd3 b5 47. Bf8+ Kc6 48.
Qd6+ Kb7 49. Ke4 a5 50. Kd4 a4 51. Kc5 a3 52. bxa3 b4 53. axb4 Ka8 54. Qd7 Kb8 55.
Kb6 Ka8 56. Qd8# 1-0

[Event "*** SCC Grand Prix: Titled Tuesday Blitz"]
[Site "Chess.com"]
[Date "2020.07.14"]
[Round "5"]
[White "alfiefischer77"]
[Black "random_mango"]
[Result "1-0"]
[WhiteElo "2202"]
[BlackElo "2351"]
[TimeControl "180+1"]
[EndTime "10:56:49 PDT"]
[Termination "alfiefischer77 won by checkmate"]

1. e4 e5 2. Nf3 Nc6 3. Bb5 a6 4. Ba4 Nf6 5. Qe2 b5 6. Bb3 Be7 7. c3 d6 8. O-O O-O 9. Rd1 Na5 10. Bc2 c5 11. d4 Qc7 12. d5 Bd7 13. b3 c4 14. b4 Nb7 15. a4 a5 16. axb5 Bxb5 17. Na3 Bd7 18. b5 Rfc8 19. Be3 Nc5 20. Nd2 Rab8 21.
Rdb1 Ng4 22. Ndxc4 Nxe3 23. Qxe3 Bd8 24. b6 Qb7 25.
Nxd6 Qa6 26. Nxc8 Rxc8 27. Bd1 Bxb6 28. Be2 Qa7 29. Qf3 h5 30. h3 g6 31. Nb5 Qb8 32. d6 Bxb5 33. Rxb5 Qxd6 34. Rab1 Rc6 35. Rd1 Qe6 36.
Rdb1 Na4 37. c4 Bd4 38. Rb8+ Kg7 39. R8b7 Nc3 40. Rc1 Na2 41. Rc2 Nb4 42. Rc1 Bc5 43. Rd1 a4 44. Rdd7 Rd6 45. Rxf7+ Kg8 46. Rb8+ Rd8 47. Rxd8+ Qe8 48. Rxe8+ Bf8 49. Rexf8# 1-0

[Event "*** SCC Grand Prix: Titled Tuesday Blitz"]
[Site "Chess.com"]
[Date "2020.07.14"]
[Round "5"]
[White "harkerchess"]
[Black "Ausbildung"]
[Result "0-1"]
[WhiteElo "2081"]
[BlackElo "2195"]
[TimeControl "180+1"]
[EndTime "10:56:49 PDT"]
[Termination "Ausbildung won by resignation"]

1. d4 g6 2. c4 Bg7 3. Nc3 d6 4. e4 Nc6 5. Nf3 e5 6. d5 Nce7 7. Bd3 f5 8. O-O Nf6 9. Qa4+ Bd7 10. Qb3 Qc8 11. Bg5 O-O 12. c5 Kh8 13. cxd6 cxd6 14. Rac1 Qb8 15. Rfe1 h6 16. Bxf6 Bxf6 17. Bb5 Bc8 18.
Bd3 a6 19. Na4 b5 20. Nc3 Bd7 21. a3 Bg7 22. Nh4 Kh7 23. Qc2 f4 24. Nf3 Qb6 25.
h3 g5 26. Be2 Ng6 27. Qd3 Rac8 28. b4 g4 29. hxg4 Bxg4 30. Ng5+ hxg5 31. Bxg4 Rc4 32. Qh3+ Bh6 33. Bf5 Kg7 34. Bxg6 Kxg6 35. Qe6+ Rf6 36.
Qg8+ Bg7 37. Ne2 g4 38. Rxc4 bxc4 39. Rc1 g3 40. Qe8+ Kh7 41. Qh5+ Bh6 42. Qf3 Rg6 43. Rxc4 Rg7 44. Rc6 gxf2+ 45. Qxf2 Qb5 46. Nc3 Qd3 47. Qe2 Qxe2 48. Nxe2 f3 49. Nc1 Rxg2+ 50. Kf1 Bxc1 51. Rxc1 Kg6 52. Rc6 Kg5 53. Rxd6 Kf4 54. Rxa6 Rd2 55.
d6 Ke3 56. Ke1 f2+ 57. Kf1 Rd1+ 58. Kg2 0-1

[Event "*** SCC Grand Prix: Titled Tuesday Blitz"]
[Site "Chess.com"]
[Date "2020.07.14"]
[Round "5"]
[White "chessplayer9919"]
[Black "Hikaru"]
[Result "0-1"]
[WhiteElo "2645"]
[BlackElo "3195"]
[TimeControl "180+1"]
[EndTime "10:56:50 PDT"]
[Termination "Hikaru won on time"]

1. d4 g6 2. c4 Bg7 3. Nc3 c5 4.
d5 Bxc3+ 5. bxc3 f5 6. h4 Qa5 7. h5 Qxc3+ 8. Bd2 Qg7 9. Rc1 d6 10. Nf3 Nf6 11. Bc3 g5 12. e3 g4 13. Nh4 Qg5 14.
g3 Nbd7 15. Bd3 Ne5 16. Ng2 Nxd3+ 17. Qxd3 Rf8 18. Nf4 h6 19. Bxf6 Qxf6 20. Qc3 e5 21. dxe6 Bxe6 22. Qb3 O-O-O 23. O-O Bd7 24. Nd5 Qf7 25. Qa3 Kb8 26. Rb1 Bc6 27. Rfd1 Qxh5 28. Qa6 Qe8 29. Rb3 Rf7 30. Rdb1 Ka8 31. Nb6+ Kb8 32.
Nd5 Rc8 33. Ra3 b5 34. Rab3 Rb7 35. a3 h5 36. Nc3 h4 37. cxb5 Be4 38. b6 Ka8 39.
bxa7 Rxa7 40. Qb6 Bxb1 41. Rxb1 Qc6 42. Nd5 Qxd5 43. Qb2 h3 0-1

[Event "*** SCC Grand Prix: Titled Tuesday Blitz"]
[Site "Chess.com"]
[Date "2020.07.14"]
[Round "5"]
[White "GregShahade"]
[Black "Diego_FloresQ"]
[Result "1-0"]
[WhiteElo "2726"]
[BlackElo "2492"]
[TimeControl "180+1"]
[EndTime "10:56:50 PDT"]
[Termination "GregShahade won by resignation"]

1. e4 c5 2. Nf3 e6 3. d4 cxd4 4. Nxd4 Nf6 5. Nc3 d6 6. Be3 Be7 7. f3 O-O 8. Qd2 a6 9. O-O-O Nc6 10. g4 Nd7 11. Kb1 Nde5 12. Be2 b5 13. Nxc6 Nxc6 14. g5 Bd7 15. h4 Rb8 16. Bd3 b4 17. Ne2 a5 18. f4 a4 19. f5 Re8 20. g6 b3 21.
gxf7+ Kxf7 22. Rdf1 Kg8 23. cxb3 axb3 24. Bc4 bxa2+ 25. Ka1 Bf6 26. Nc3 Na5 27. Bxa2 Nb3+ 28. Bxb3 Rxb3 29. Bd4 Qa8+ 30. Na2 Bxd4 31. Qxd4 Qa5 32.
Rhg1 e5 33. Qc4+ Be6 34. fxe6 Rbb8 35. e7+ Kh8 36. Rxg7 Ra8 37. Qf7 Qxa2+ 38. Qxa2 Rxa2+ 39. Kxa2 Kxg7 40. Kb3 Rxe7 41. Kc4 Re6 42. Kd5 Rh6 43. b4 Rxh4 44. b5 Rh2 45. Rb1 Rd2+ 46. Ke6 Ra2 47.
b6 Ra8 48. b7 Rb8 49. Kxd6 Kg6 50. Kxe5 Rxb7 1-0

[Event "*** SCC Grand Prix: Titled Tuesday Blitz"]
[Site "Chess.com"]
[Date "2020.07.14"]
[Round "5"]
[White "Rish_97"]
[Black "Orest_Vovk"]
[Result "1-0"]
[WhiteElo "2688"]
[BlackElo "2446"]
[TimeControl "180+1"]
[EndTime "10:56:50 PDT"]
[Termination "Rish_97 won by resignation"]

1. d4 h6 2. Nf3 g5 3. e4 Bg7 4. c3 d6 5. Bd3 Nc6 6. O-O Bg4 7.
Re1 Qd7 8. Nbd2 a6 9. b4 e6 10. a4 Nge7 11. Nf1 Ng6 12. h3 Bxf3 13. Qxf3 e5 14. d5 Nce7 15. Ng3 Nh4 16. Qg4 Qxg4 17. hxg4 Nhg6 18. Nh5 O-O 19. a5 Nf4 20. Bf1 Nxh5 21.
gxh5 f5 22. f3 f4 23. Rb1 Kf7 24. Bd3 Ng8 25. Kf2 Nf6 26. Rh1 g4 27. g3 fxg3+ 28. Kxg3 gxf3 29. Kxf3 Ke7 30. Ke2 Ng4 31. Rg1 Rf2+ 32.
Ke1 Rf3 33. Rxg4 Bf6 34. Ke2 Rh3 35. Bxh6 Rxh5 36. Bg7 Rh2+ 37. Ke3 Bh4 38. Rf1 Kd7 39.
Rf7+ Be7 40. Bf6 Rh3+ 41. Kd2 Re8 42. Rgg7 Rh2+ 43. Be2 Kc8 44. Rxe7 Rf8 45. Rxc7+ Kb8 46.
Rxb7+ Ka8 47. Ra7+ Kb8 48. Rgb7+ Kc8 49. Rf7 1-0

[Event "*** SCC Grand Prix: Titled Tuesday Blitz"]
[Site "Chess.com"]
[Date "2020.07.14"]
[Round "5"]
[White "ZverevLev"]
[Black "regular_legs"]
[Result "0-1"]
[WhiteElo "2348"]
[BlackElo "2521"]
[TimeControl "180+1"]
[EndTime "10:56:50 PDT"]
[Termination "regular_legs won by checkmate"]

1. e4 c5 2. Nf3 e6 3. d4 cxd4 4. Nxd4 a6 5. Bd3 Qc7 6. O-O Nf6 7. Qe2 d6 8. c4 g6 9. Nc3 Bg7 10. Be3 O-O 11. f4 Re8 12. Rac1 b6 13. Nf3 Bb7 14. e5 dxe5 15. Nxe5 Nbd7 16. Nxd7 Nxd7 17. Be4 Rad8 18.
Rfd1 Nc5 19. Bxb7 Qxb7 20. Bf2 Rxd1+ 21. Rxd1 Qc6 22. Bd4 Rd8 23. Bxg7 Rxd1+ 24. Qxd1 Kxg7 25. Qd4+ f6 26. b4 Nd7 27. Ne4 Kf7 28. Qd6 Qxd6 29.
Nxd6+ Ke7 30. Nc8+ Kd8 31. Nd6 Kc7 32. Ne4 h6 33. Kf2 f5 34. Nc3 Kd6 35. Ke3 g5 36.
g3 Nf6 37. h3 g4 38. h4 e5 39.
fxe5+ Kxe5 40. Na4 Nd7 41. a3 a5 42. bxa5 bxa5 43. c5 Nb8 44. Nb2 Nc6 45. Nc4+ Kd5 46.
Nd6 Ne7 47. Kf4 Ke6 48. Ne8 Nd5# 0-1

[Event "*** SCC Grand Prix: Titled Tuesday Blitz"]
[Site "Chess.com"]
[Date "2020.07.14"]
[Round "5"]
[White "KNCP_719"]
[Black "Pavel_Mir"]
[Result "1-0"]
[WhiteElo "2529"]
[BlackElo "2355"]
[TimeControl "180+1"]
[EndTime "10:56:51 PDT"]
[Termination "KNCP_719 won by checkmate"]

1. e4 e5 2. Nf3 Nc6 3. Bb5 a6 4. Ba4 Nf6 5. d3 b5 6. Bb3 Be7 7. a4 b4 8. a5 O-O 9. O-O h6 10. Nbd2 d6 11. h3 Nd7 12. Bd5 Bb7 13. c3 Rb8 14. Re1 Nc5 15. Nf1 Ne6 16. Ng3 Bf6 17.
Nf5 Ne7 18. Bc4 bxc3 19. bxc3 Nxf5 20. exf5 Ng5 21. Nxg5 Bxg5 22. d4 Bxc1 23. Qxc1 exd4 24. cxd4 Qf6 25. Qf4 Rfe8 26. Rab1 Rxe1+ 27. Rxe1 Bc6 28. Bxa6 Ra8 29. Bd3 Rxa5 30. Qd2 Ra4 31. Qc2 d5 32.
Rc1 Rxd4 33. Be2 Ba4 34. Qxc7 Qxf5 35. Qd8+ Kh7 36. Rc8 Re4 37. Bf1 Bd7 38. Rc7 Re8 39. Qxd7 Qe5 40. Qxf7 Qf6 41. Qxf6 Rg8 42. Qf7 Kh8 43.
Qxd5 Kh7 44. Bd3+ Kh8 45. Qe4 Rf8 46. Qh7# 1-0

[Event "*** SCC Grand Prix: Titled Tuesday Blitz"]
[Site "Chess.com"]
[Date "2020.07.14"]
[Round "5"]
[White "CroissantNeuf"]
[Black "Chessdreamer2020"]
[Result "1/2-1/2"]
[WhiteElo "2411"]
[BlackElo "2582"]
[TimeControl "180+1"]
[EndTime "10:56:52 PDT"]
[Termination "Game drawn by repetition"]

1. e4 d6 2. d4 Nf6 3. Bd3 e5 4. Nf3 exd4 5. Nxd4 Be7 6. O-O O-O 7. c4 Re8 8. Nc3 Bf8 9. h3 Nc6 10. Nc2 Be6 11. Bg5 Ne5 12. b3 Nxd3 13. Qxd3 Be7 14. Nd4 Nd7 15. Bxe7 Qxe7 16. Rfe1 Nc5 17. Qg3 c6 18. Rad1 Rad8 19. f4 Bc8 20. Nf3 Qf6 21.
Re3 Ne6 22. f5 Nc5 23. Qf4 a5 24. g4 Qe7 25. g5 Qf8 26. Re2 Rd7 27. f6 g6 28.
Red2 Red8 29. h4 Ne6 30. Qe3 Nc5 31. h5 Re8 32. Qf4 Ne6 33. Qh4 Nc5 34. Rh2 Red8 35. e5 dxe5 36. Rxd7 Rxd7 37. Nxe5 Rc7 38. hxg6 fxg6 39.
Nxg6 Qe8 40. Ne7+ Rxe7 41. fxe7 Qxe7 42. g6 Qe3+ 43. Qf2 Qc1+ 44. Qf1 Qe3+ 45. Qf2 Qc1+ 46.
Qf1 Qe3+ 47. Qf2 1/2-1/2

[Event "*** SCC Grand Prix: Titled Tuesday Blitz"]
[Site "Chess.com"]
[Date "2020.07.14"]
[Round "5"]
[White "PavelChernomordik"]
[Black "Chuchofrio1"]
[Result "1-0"]
[WhiteElo "2344"]
[BlackElo "2172"]
[TimeControl "180+1"]
[EndTime "10:56:52 PDT"]
[Termination "PavelChernomordik won on time"]

1. e4 c5 2. Nc3 Nc6 3. Bb5 Nd4 4. Bc4 e6 5. Nge2 a6 6. a4 Nf6 7. d3 d5 8. exd5 exd5 9. Ba2 Nc6 10. Nf4 Be6 11. O-O Bd6 12. Nxe6 fxe6 13. Re1 O-O 14. Rxe6 Kh8 15. Bg5 Qd7 16. Re1 Ng4 17. Bh4 Bxh2+ 18. Kh1 Be5 19. Nxd5 Nxf2+ 20. Bxf2 Rxf2 21. Qh5 Raf8 22. Rxe5 Nxe5 23. Qxe5 Qg4 24. Ne3 Qh4+ 25. Qh2 Qg5 26.
Re1 Re8 27. Qh3 h6 28. Kg1 Ref8 29. Bd5 b5 30. Be4 R2f6 31. Bf3 c4 32. Kh1 Rf4 33. Ng4 cxd3 34. Re5 Qg6 35. cxd3 Qxd3 36. Re3 Qg6 37. Kh2 Kg8 38. Ne5 Qd6 39. Bg4 1-0

[Event "*** SCC Grand Prix: Titled Tuesday Blitz"]
[Site "Chess.com"]
[Date "2020.07.14"]
[Round "5"]
[White "sewin16"]
[Black "ENEASZ"]
[Result "0-1"]
[WhiteElo "2392"]
[BlackElo "2574"]
[TimeControl "180+1"]
[EndTime "10:56:54 PDT"]
[Termination "ENEASZ won by resignation"]

1. e4 d6 2. d4 Nf6 3. Nc3 e5 4. Nf3 Nbd7 5. Bc4 Be7 6. O-O O-O 7. a4 c6 8. a5 Nxe4 9. Nxe4 d5 10. Nxe5 Nxe5 11. dxe5 dxc4 12. Nd6 Be6 13. Nxb7 Qc7 14. Nd6 f6 15. Qe2 Bxd6 16. exd6 Qxd6 17. Bf4 Qd7 18.
Rfd1 Bd5 19. Qxc4 Qg4 20. Rxd5 cxd5 21. Qxd5+ Kh8 22. Bd6 Rfd8 23. c4 Rab8 24. c5 Rxb2 25. h3 Qe2 26. Qf5 Rd2 27. Ra3 Rd1+ 28. Kh2 Rf1 29. Rf3 Qd1 30. Qe6 Rh1+ 31. Kg3 Qc1 32. Qf5 Qg1 33. Re3 Rh2 34. Qd5 h6 35. Re7 Rh1 36. Qf7 Rg8 37. Re8 Rxe8 38. Qxe8+ Kh7 39.
Qe4+ Kh8 40. Qe8+ Kh7 41. Qe4+ Kh8 42. c6 Qh2+ 43. Kf3 Qxd6 44. Qe8+ Kh7 45. Qe4+ f5 46.
Qxf5+ Qg6 47. Qd7 Rc1 48. c7 Qc6+ 49. Qxc6 Rxc6 0-1

[Event "*** SCC Grand Prix: Titled Tuesday Blitz"]
[Site "Chess.com"]
[Date "2020.07.14"]
[Round "5"]
[White "teacher4chess"]
[Black "The_Machine04"]
[Result "0-1"]
[WhiteElo "2017"]
[BlackElo "2292"]
[TimeControl "180+1"]
[EndTime "10:56:54 PDT"]
[Termination "The_Machine04 won by checkmate"]

1. d4 d6 2. Nf3 Nf6 3. Bg5 Nbd7 4. Nbd2 g6 5. e4 Bg7 6. Bd3 e5 7. c3 h6 8. Bh4 O-O 9. O-O exd4 10. cxd4 g5 11. Bg3 Nh5 12. Rc1 Nxg3 13. hxg3 c6 14. Bb1 Re8 15. Qc2 Nf8 16. Rfe1 Bg4 17. e5 d5 18. Nh2 Bh5 19. Qb3 Qd7 20. g4 Bg6 21. f3 Bxb1 22. Nxb1 Ne6 23. Rcd1 Qc7 24. Nc3 Qb6 25.
Qxb6 axb6 26. a3 b5 27. Nf1 f6 28. Ng3 fxe5 29. dxe5 Nf4 30. Nf5 Rxe5 31. Rxe5 Bxe5 32.
Nxh6+ Kg7 33. Nf5+ Kf6 34. Kf2 Bxc3 35. bxc3 Rxa3 36.
Nd6 Ra2+ 37. Ke3 Ke5 38. Nf7+ Kf6 39. Nd8 c5 40. g3 Re2# 0-1

[Event "*** SCC Grand Prix: Titled Tuesday Blitz"]
[Site "Chess.com"]
[Date "2020.07.14"]
[Round "5"]
[White "Zurability"]
[Black "eljanov"]
[Result "0-1"]
[WhiteElo "2589"]
[BlackElo "2848"]
[TimeControl "180+1"]
[EndTime "10:56:55 PDT"]
[Termination "eljanov won on time"]

1. Nf3 d5 2. g3 Bg4 3. Bg2 c6 4. O-O e6 5. d3 Nf6 6. Nbd2 Be7 7. h3 Bh5 8. g4 Bg6 9. Ne5 Nbd7 10. Nxg6 hxg6 11. e3 Bd6 12. f4 Qe7 13. d4 O-O-O 14. c4 Ne4 15. Nxe4 dxe4 16. b4 f5 17. g5 e5 18. dxe5 Nxe5 19. Qd4 Bb8 20. Qc3 Rd3 21. Qc2 Nf7 22. Re1 Nxg5 23. fxg5 Qxg5 24. Rd1 Rhd8 25.
Rxd3 exd3 26. Qd2 Qg3 27. Bb2 f4 28. exf4 Bxf4 29. Qe1 Qh2+ 30. Kf1 Kb8 31. Bxg7 d2 32. Qe2 Rd7 33. Bc3 Kc7 34. Rd1 Bd6 35. Qf3 Bf4 36. c5 g5 37. Bf6 a6 38. a4 Kb8 39. b5 axb5 40. axb5 cxb5 41. c6 Rc7 42. cxb7 Rc1 43. Bd8 Rxd1+ 44. Qxd1 Qg3 45. Bb6 Qd3+ 46. Kg1 Be3+ 47.
Bxe3 Qxe3+ 48. Kh2 Qe5+ 49. Kg1 Qe1+ 0-1

[Event "*** SCC Grand Prix: Titled Tuesday Blitz"]
[Site "Chess.com"]
[Date "2020.07.14"]
[Round "5"]
[White "Undisputed92"]
[Black "gena217"]
[Result "1/2-1/2"]
[WhiteElo "2630"]
[BlackElo "2912"]
[TimeControl "180+1"]
[EndTime "10:56:56 PDT"]
[Termination "Game drawn by repetition"]

1. e4 c6 2. c4 d5 3. exd5 cxd5 4. cxd5 Nf6 5. Nc3 Nxd5 6. Nf3 Nxc3 7. bxc3 g6 8. d4 Bg7 9. Bd3 Nc6 10. O-O O-O 11. Re1 Bg4 12. h3 Bxf3 13. Qxf3 e6 14. Rb1 Qd7 15. h4 Rac8 16. h5 b6 17. hxg6 hxg6 18.
Ba6 Rcd8 19. Bg5 Ne7 20. g4 f6 21. Bd2 Kf7 22. Bc4 Nd5 23. Bb3 b5 24. Re2 Rfe8 25.
Rbe1 Qc6 26. Bc2 Rc8 27. Qd3 f5 28. gxf5 exf5 29. Bb3 Rxe2 30. Rxe2 a5 31. Qf3 Rd8 32. Bg5 Bf6 33. Bxf6 Kxf6 34. Re5 Qxc3 35. Bxd5 Qxd4 36. Re6+ Kg7 37. Bc6 Qa1+ 38. Kg2 Rh8 39. Kg3 Qg1+ 40. Qg2 Qd1 41. Qd5 Qg1+ 42. Kf3 Qg4+ 43. Ke3 Rh3+ 44. f3 Rxf3+ 45. Qxf3 f4+ 46. Qxf4 Qxe6+ 47. Be4 Qxa2 48. Qe5+ Kh6 49. Qh8+ Kg5 50. Qe5+ Kh6 51. Qxb5 Qe6 52. Qxa5 Qf6 53. Qe1 Qg5+ 54. Kd3 Qb5+ 55. Ke3 Qg5+ 56. Kd3 Qb5+ 57. Ke3 Qg5+ 1/2-1/2

[Event "*** SCC Grand Prix: Titled Tuesday Blitz"]
[Site "Chess.com"]
[Date "2020.07.14"]
[Round "5"]
[White "frederiksvane"]
[Black "RodinMihail"]
[Result "1-0"]
[WhiteElo "2690"]
[BlackElo "2455"]
[TimeControl "180+1"]
[EndTime "10:56:56 PDT"]
[Termination "frederiksvane won by checkmate"]

1. e4 e5 2. Nf3 Nc6 3. Bb5 a6 4.
Ba4 Bc5 5. O-O Nge7 6. c3 Ba7 7. d4 exd4 8. cxd4 d5 9. exd5 Nxd5 10. Bg5 Qd6 11.
Re1+ Be6 12. Nbd2 O-O 13. Ne4 Qb4 14. Bd2 Qb6 15. Bxc6 Qxc6 16. Rc1 Qd7 17. Ne5 Qd8 18.
Nc5 Bc8 19. Qf3 c6 20. Rcd1 f6 21. Nc4 Re8 22. Qh5 g6 23. Qf3 Re7 24. Rxe7 Qxe7 25.
Re1 Qf8 26. b4 b6 27. Ne6 Qe7 28. Nf4 Qd8 29. Nxd5 cxd5 30. Ne3 Be6 31. h4 Kg7 32. h5 Qd7 33. h6+ Kf7 34. g4 Re8 35. g5 f5 36.
Ng2 Qd8 37. Bf4 b5 38. Qc3 Qb6 39. Be5 Rc8 40. Qe3 Qd8 41. Bf6 Qd7 42. Nf4 Re8 43. Be5 Qd8 44. Nd3 Bd7 45. Qf4 a5 46. a3 axb4 47.
axb4 Qb6 48. Rc1 Rc8 49. Rxc8 Bxc8 50. Nc5 Be6 51. Bd6 Qc6 52. Qe5 Bxc5 53. Qf6+ Ke8 54. Qe7# 1-0

[Event "*** SCC Grand Prix: Titled Tuesday Blitz"]
[Site "Chess.com"]
[Date "2020.07.14"]
[Round "5"]
[White "JiiHart"]
[Black "Boudicca64"]
[Result "1-0"]
[WhiteElo "2101"]
[BlackElo "1797"]
[TimeControl "180+1"]
[EndTime "10:56:56 PDT"]
[Termination "JiiHart won on time"]

1. e4 c5 2. Nf3 e6 3. d4 cxd4 4. Nxd4 a6 5. Nc3 g6 6. g3 Bg7 7.
Bg2 Nc6 8. Be3 Nge7 9. O-O O-O 10. a4 d5 11. exd5 Nxd5 12. Nxc6 bxc6 13. Bd4 Rb8 14.
Bxg7 Kxg7 15. Qd4+ Qf6 16. Qxf6+ Kxf6 17. Nd1 e5 18.
Re1 Bf5 19. c3 Bc2 20. Re2 Bf5 21. h3 Rfe8 22. b4 Bd3 23. Rd2 e4 24. Rc1 a5 25.
bxa5 Ra8 26. Nb2 Rxa5 27. Nxd3 exd3 28. Rxd3 Rxa4 29. Bxd5 cxd5 30. Rxd5 Re2 31. Rdd1 Raa2 32. Rf1 Rac2 33. c4 Ke6 34. Kg2 Kd6 35. Kf3 Rxf2+ 36.
Rxf2 Rxc1 37. Rd2+ Kc6 38. Rd4 Kc5 39. Rd7 Rxc4 40. Rxf7 Rc3+ 41. Kf4 g5+ 42. Kg4 h6 43. Rf5+ Kd6 44. Rf6+ Ke5 45. Rxh6 Rc4+ 46. Kxg5 1-0

[Event "*** SCC Grand Prix: Titled Tuesday Blitz"]
[Site "Chess.com"]
[Date "2020.07.14"]
[Round "5"]
[White "TigrVShlyape"]
[Black "deribas12345"]
[Result "0-1"]
[WhiteElo "2859"]
[BlackElo "2624"]
[TimeControl "180+1"]
[EndTime "10:56:58 PDT"]
[Termination "deribas12345 won on time"]

1. d4 Nf6 2. Nf3 c5 3. d5 b5 4. c4 Bb7 5. Nc3 b4 6. Na4 d6 7. g3 g6 8. b3 Bg7 9. Bb2 O-O 10. Bg2 Nbd7 11. a3 bxa3 12. Rxa3 Ng4 13. Bxg7 Kxg7 14. Qa1+ f6 15. Ng5 Qa5+ 16. Nc3 Qb4 17. Ne6+ Kh8 18.
Nxf8 Rxf8 19. O-O a6 20. Ra4 Qb6 21. Bh3 h5 22. Qa3 Bc8 23. Rb1 Nde5 24. Qc1 Kg7 25. Bg2 g5 26. Qc2 h4 27. Ne4 hxg3 28. hxg3 Bd7 29.
Raa1 Ra8 30. Qd2 Bf5 31. Rb2 Qb8 32. Nxg5 Qh8 33. Nh3 Rb8 34. Qf4 Ng6 35. Qxf5 N4e5 36. f3 Nxc4 37. bxc4 Rxb2 38. Kf2 Qb8 39. Nf4 Nxf4 40.
gxf4 Qb3 41. Rh1 Rxe2+ 42. Kxe2 Qc2+ 43. Kf1 Qxf5 44. Kf2 Qxf4 45. Bf1 Qd2+ 46. Be2 f5 47. Rb1 f4 48. Rb3 a5 49. Rb7 Kf6 50. Kf1 a4 0-1

[Event "*** SCC Grand Prix: Titled Tuesday Blitz"]
[Site "Chess.com"]
[Date "2020.07.14"]
[Round "5"]
[White "Tsyhanchuk_Stanislav"]
[Black "Iustin106"]
[Result "0-1"]
[WhiteElo "2430"]
[BlackElo "2328"]
[TimeControl "180+1"]
[EndTime "10:56:58 PDT"]
[Termination "Iustin106 won on time"]

1. d4 Nf6 2. c4 d6 3. Nf3 g6 4.
g3 Bg7 5. Bg2 O-O 6. O-O c6 7.
Nc3 Na6 8. e4 e5 9. h3 Qb6 10. c5 dxc5 11. dxe5 Nd7 12. Na4 Qc7 13. Bf4 Nxe5 14. Qc2 b6 15. Rad1 Re8 16. Nc3 Qe7 17.
Qe2 Nc7 18. Nxe5 Bxe5 19. Bxe5 Qxe5 20. f4 Qe7 21. e5 Ba6 22. Qf3 Bxf1 23. Bxf1 Nd5 24.
Nxd5 cxd5 25. Rxd5 Rad8 26. Bc4 Rxd5 27. Qxd5 Rd8 28.
Qf3 Rd4 29. b3 Qd7 30. g4 Rd1+ 31. Kg2 Qd2+ 32. Kg3 Rg1+ 33. Kh4 Qd8+ 34. g5 Kg7 35. Qb7 Qe8 36. f5 gxf5 37. e6 Kg6 38. e7 Re1 39.
Qxa7 Qxe7 40. Qxb6+ Kg7 41. Qh6+ Kg8 42. Qc6 Re4+ 43. Kh5 Kg7 44. Qh6+ Kg8 45. Qc6 Re5 46. Qc8+ Kg7 47. Qc6 f6 48. gxf6+ Qxf6 49. Qd7+ Re7 0-1

[Event "*** SCC Grand Prix: Titled Tuesday Blitz"]
[Site "Chess.com"]
[Date "2020.07.14"]
[Round "5"]
[White "Volodar_Murzin"]
[Black "MuradNuri"]
[Result "1-0"]
[WhiteElo "2702"]
[BlackElo "2456"]
[TimeControl "180+1"]
[EndTime "10:56:59 PDT"]
[Termination "Volodar_Murzin won by checkmate"]

1. e4 c5 2. Nf3 f6 3. c3 d5 4. exd5 Qxd5 5. d4 Nc6 6. Be2 e6 7. O-O Bd7 8. c4 Qd6 9. d5 Ne5 10. Nc3 O-O-O 11. Ne4 Nxf3+ 12. Bxf3 Qe5 13. Re1 Qc7 14. Qc2 e5 15. Bd2 Nh6 16. Bxh6 gxh6 17. Nxf6 Kb8 18. Rad1 Bc8 19. Qc3 Bd6 20. Ne4 Rhf8 21.
Nxd6 Rxd6 22. Qxe5 Rxf3 23. gxf3 Bh3 24. Kh1 a6 25.
Qg3 Bf5 26. Re8+ Ka7 27. Rf8 Qd7 28. Re1 Bd3 29. b3 Bg6 30. Qf4 h5 31. Rf6 Rxf6 32.
Qxf6 h4 33. Qe7 Qc8 34. Qe3 Bh5 35. f4 b6 36. d6 Qc6+ 37. Kg1 a5 38. f5 Ka6 39. d7 Qxd7 40. Qe6 Qg7+ 41. Kf1 Bf3 42. Re3 Qg2+ 43. Ke1 Qg1+ 44. Kd2 Qxf2+ 45. Kc3 Bd1 46. Qc8+ Ka7 47. Re7# 1-0

[Event "*** SCC Grand Prix: Titled Tuesday Blitz"]
[Site "Chess.com"]
[Date "2020.07.14"]
[Round "5"]
[White "maximnovik"]
[Black "ChronicUnhappiness"]
[Result "0-1"]
[WhiteElo "2497"]
[BlackElo "2362"]
[TimeControl "180+1"]
[EndTime "10:56:59 PDT"]
[Termination "ChronicUnhappiness won on time"]

1. d4 d5 2. c4 e6 3. Nc3 Bb4 4.
Qa4+ Nc6 5. Bf4 Nf6 6. e3 O-O 7.
Nf3 Ne4 8. Rc1 g5 9. Bg3 h5 10. h4 g4 11. Nd2 Nxg3 12. fxg3 Bd6 13. Kf2 Qf6+ 14. Kg1 Bxg3 15. Nd1 Nxd4 16. cxd5 Nf5 17.
Ne4 Qe5 18. Nxg3 Qxg3 19. Qf4 Qxf4 20. exf4 exd5 21. Rxc7 Be6 22. Bd3 Ng3 23. Rh2 Rfc8 24. Rxc8+ Rxc8 25. Kf2 Ne4+ 26. Bxe4 dxe4 27. Ne3 f5 28. Rh1 Rd8 29. Rd1 Rxd1 30. Nxd1 Bxa2 31. Ke3 Kf7 32. Kd4 Ke6 33. Ne3 b6 34. Nf1 a5 35.
Ng3 a4 36. Nxh5 b5 37. Ng3 b4 38. Kc5 a3 39. bxa3 b3 40. Ne2 b2 41. Nc3 e3 42.
Kd4 e2 43. Nxe2 b1=Q 44. Ke3 Qb6+ 45. Nd4+ Kd5 46. Kf2 Qxd4+ 47. Kg3 Qe3+ 48. Kh2 Ke4 49. h5 Kxf4 0-1